12 | 0:00 | Drone | |
13 | 0:12 | Overlord | |
13 | 0:18 | Drone | |
14 | 0:30 | Drone | |
14 | 0:31 | Drone | |
16 | 0:43 | Spawning Pool | |
16 | 0:46 | Drone | |
16 | 0:50 | Drone | |
17 | 1:14 | Drone, Hatchery | |
17 | 1:16 | Extractor | |
16 | 1:19 | Drone | |
16 | 1:23 | Drone | |
18 | 1:28 | Drone | |
19 | 1:38 | Overlord | |
19 | 1:49 | Drone, Queen | |
22 | 2:00 | Zergling x2 | |
23 | 2:10 | Drone | |
24 | 2:21 | Drone | |
25 | 2:23 | Roach Warren | |
25 | 2:25 | Extractor, Queen | |
25 | 2:26 | Drone | |
26 | 2:32 | Drone | |
27 | 2:39 | Drone | |
27 | 2:43 | Drone | |
29 | 2:47 | Drone | |
30 | 2:53 | Zergling x2 | |
30 | 2:56 | Zergling x2, Overlord | |
32 | 2:59 | Drone | |
32 | 3:02 | Drone | |
34 | 3:07 | Roach | |
36 | 3:14 | Roach | |
36 | 3:16 | Roach | |
42 | 3:20 | Roach | |
42 | 3:26 | Lair | |
42 | 3:31 | Overlord | |
42 | 3:36 | Overlord | |
42 | 3:39 | Zergling x2 | |
44 | 3:41 | Zergling x2 | |
44 | 3:49 | Zergling x2, Drone x2 | |
44 | 3:51 | Drone | |
44 | 3:54 | Drone | |
49 | 3:56 | Drone | |
49 | 4:01 | Overlord | |
50 | 4:05 | Roach | |
50 | 4:08 | Roach | |
54 | 4:10 | Roach | |
54 | 4:13 | Roach | |
54 | 4:16 | Overlord | |
58 | 4:22 | Drone | |
58 | 4:24 | Drone | |
60 | 4:26 | Roach | |
60 | 4:29 | Roach, Hydralisk Den | |
60 | 4:30 | Drone | |
64 | 4:33 | Overlord | |
64 | 4:56 | Zergling x2 | |
64 | 4:57 | Hydralisk | |
64 | 4:58 | Zergling x2, Hydralisk x4 | |
71 | 5:02 | Hydralisk, Zergling x2, Overlord | |
71 | 5:04 | Drone | |
75 | 5:08 | Drone | |
75 | 5:09 | Drone | |
75 | 5:10 | Drone x2 | |
79 | 5:15 | Drone | |
79 | 5:19 | Drone | |
81 | 5:26 | Drone | |
82 | 5:29 | Overlord | |
82 | 5:33 | Evolution Chamber | |
82 | 5:35 | Drone x3, Infestation Pit | |
83 | 5:37 | Drone | |
83 | 5:38 | Drone | |
83 | 5:40 | Drone | |
83 | 5:41 | Drone | |
87 | 5:48 | Overlord | |
87 | 5:50 | Evolution Chamber | |
87 | 5:52 | Drone | |
87 | 6:01 | Zerg Missile Weapons Level 1 | |
87 | 6:02 | Extractor | |
86 | 6:04 | Extractor | |
86 | 6:05 | Drone | |
86 | 6:08 | Spire | |
86 | 6:09 | Drone | |
86 | 6:10 | Hatchery | |
85 | 6:12 | Infestor | |
85 | 6:14 | Drone | |
88 | 6:21 | Zerg Ground Armor Level 1 | |
88 | 6:24 | Drone x2 | |
90 | 6:27 | Drone x3 | |
93 | 6:37 | Spine Crawler | |
93 | 6:38 | Drone | |
93 | 6:41 | Spine Crawler | |
93 | 6:42 | Drone | |
93 | 6:44 | Overlord, Infestor | |
95 | 7:04 | Ravager | |
95 | 7:07 | Ravager | |
95 | 7:08 | Roach | |
99 | 7:10 | Overlord, Roach | |
99 | 7:12 | Roach | |
99 | 7:13 | Roach | |
105 | 7:17 | Roach | |
105 | 7:18 | Roach | |
105 | 7:19 | Drone, Roach, Spore Crawler | |
105 | 7:20 | Mutalisk | |
105 | 7:21 | Drone, Roach, Spore Crawler | |
105 | 7:22 | Spine Crawler | |
114 | 7:23 | Drone x4 | |
114 | 7:24 | Drone | |
119 | 7:32 | Overlord, Extractor | |
119 | 7:33 | Drone | |
119 | 7:34 | Drone | |
119 | 7:35 | Glial Reconstitution | |
120 | 7:41 | Overseer, Mutalisk | |
120 | 7:42 | Drone x2, Baneling Nest | |
120 | 7:43 | Drone | |
124 | 7:45 | Roach | |
124 | 7:46 | Drone x3 | |
129 | 7:54 | Overlord | |
129 | 7:55 | Drone | |
129 | 7:56 | Drone | |
131 | 8:03 | Extractor | |
131 | 8:04 | Drone, Zerg Missile Weapons Level 2 | |
131 | 8:06 | Drone | |
131 | 8:07 | Drone | |
131 | 8:11 | Pneumatized Carapace, Queen | |
135 | 8:13 | Mutalisk, Overlord | |
135 | 8:14 | Drone | |
135 | 8:15 | Drone | |
135 | 8:17 | Drone x2, Roach | |
135 | 8:18 | Drone | |
135 | 8:19 | Mutalisk | |
146 | 8:26 | Drone | |
146 | 8:28 | Zergling x2 | |
146 | 8:29 | Drone | |
146 | 8:31 | Hatchery | |
129 | 8:37 | Zergling x2 | |
129 | 8:39 | Drone | |
129 | 8:40 | Drone | |
114 | 8:45 | Hydralisk, Infestor, Roach | |
114 | 8:48 | Drone | |
107 | 8:51 | Hydralisk | |
107 | 8:54 | Hydralisk | |
99 | 8:56 | Baneling | |
99 | 8:57 | Zergling x2 | |
99 | 8:58 | Drone | |
99 | 8:59 | Baneling x2 | |
99 | 9:00 | Zergling x2 | |
99 | 9:02 | Drone | |
103 | 9:03 | Drone | |
103 | 9:08 | Drone | |
103 | 9:09 | Drone | |
106 | 9:12 | Drone | |
106 | 9:16 | Mutalisk | |
111 | 9:17 | Drone, Roach | |
111 | 9:19 | Drone | |
111 | 9:20 | Infestor, Roach | |
111 | 9:21 | Drone, Roach | |
111 | 9:24 | Drone | |
121 | 9:28 | Mutalisk | |
121 | 9:29 | Drone, Extractor, Roach | |
121 | 9:31 | Roach x2 | |
129 | 9:34 | Roach | |
129 | 9:36 | Extractor | |
130 | 9:41 | Roach | |
130 | 9:42 | Roach | |
130 | 9:43 | Roach | |
130 | 9:44 | Mutalisk | |
138 | 9:47 | Spine Crawler | |
138 | 9:48 | Drone x3 | |
138 | 9:50 | Ravager | |
138 | 9:52 | Overlord, Extractor, Roach | |
142 | 9:53 | Drone x3 | |
142 | 9:55 | Extractor | |
142 | 9:56 | Spine Crawler | |
142 | 9:57 | Drone, Ravager | |
142 | 9:58 | Drone x2 | |
142 | 9:59 | Drone | |
148 | 10:03 | Drone | |
148 | 10:04 | Drone x2 | |
151 | 10:07 | Drone, Queen | |
151 | 10:10 | Zerg Ground Armor Level 2 | |
151 | 10:13 | Overlord | |
154 | 10:15 | Drone, Zerg Flyer Weapons Level 1 | |
154 | 10:17 | Roach | |
157 | 10:31 | Spine Crawler | |
157 | 10:32 | Drone, Mutalisk, Overlord | |
157 | 10:34 | Drone, Spore Crawler | |
158 | 10:36 | Mutalisk | |
158 | 10:37 | Drone, Spine Crawler | |
158 | 10:39 | Roach x2 | |
158 | 10:41 | Zergling x2, Drone, Spore Crawler | |
158 | 10:42 | Mutalisk | |
158 | 10:44 | Spore Crawler | |
158 | 10:45 | Drone | |
158 | 10:46 | Mutalisk, Overseer | |
158 | 10:49 | Overseer | |
162 | 10:50 | Overlord, Roach | |
162 | 10:51 | Roach | |
162 | 10:54 | Zergling x2 | |
162 | 10:55 | Roach | |
162 | 10:56 | Roach x2 | |
161 | 10:57 | Roach x2 | |
161 | 10:58 | Roach x2 | |
161 | 10:59 | Roach x2 | |
161 | 11:00 | Roach | |
161 | 11:01 | Hydralisk, Roach | |
145 | 11:07 | Hydralisk x2 | |
145 | 11:08 | Infestor | |
147 | 11:12 | Infestor | |
147 | 11:13 | Ravager | |
147 | 11:17 | Ravager | |
147 | 11:18 | Roach x2 | |
153 | 11:19 | Roach | |
153 | 11:20 | Roach | |
153 | 11:21 | Roach | |
153 | 11:22 | Spine Crawler | |
153 | 11:23 | Drone | |
161 | 11:30 | Hydralisk | |
161 | 11:31 | Infestor x2, Roach | |
161 | 11:32 | Queen | |
167 | 11:34 | Hydralisk | |
167 | 11:39 | Zergling x4, Spine Crawler | |
168 | 11:40 | Drone, Overlord | |
168 | 11:43 | Drone x2 | |
168 | 11:44 | Drone | |
166 | 11:49 | Drone, Roach | |
166 | 11:51 | Evolution Chamber | |
166 | 11:52 | Drone, Roach | |
166 | 11:53 | Hatchery | |
156 | 11:57 | Drone | |
156 | 11:59 | Roach | |
156 | 12:01 | Roach | |
144 | 12:02 | Roach | |
144 | 12:04 | Roach | |
144 | 12:06 | Roach | |
144 | 12:07 | Hatchery, Roach | |
151 | 12:08 | Roach | |
151 | 12:09 | Drone | |
151 | 12:11 | Roach | |
151 | 12:13 | Drone, Extractor, Hive | |
151 | 12:14 | Roach | |
158 | 12:17 | Hydralisk | |
158 | 12:18 | Ravager, Roach | |
158 | 12:19 | Roach | |
158 | 12:20 | Hydralisk | |
158 | 12:22 | Hydralisk | |
169 | 12:24 | Overlord | |
169 | 12:25 | Hydralisk | |
171 | 12:38 | Neural Parasite | |
171 | 12:45 | Spine Crawler | |
171 | 12:46 | Drone | |
171 | 12:47 | Spine Crawler | |
171 | 12:48 | Hydralisk | |
171 | 12:49 | Hydralisk, Drone | |
173 | 12:51 | Lurker Den | |
173 | 12:52 | Drone | |
173 | 12:53 | Spore Crawler | |
173 | 12:55 | Drone | |
173 | 13:01 | Overlord | |
168 | 13:07 | Zergling x2 | |
168 | 13:08 | Zergling x2 | |
168 | 13:09 | Spine Crawler | |
168 | 13:11 | Drone | |
161 | 13:15 | Roach | |
161 | 13:17 | Infestor | |
165 | 13:28 | Hatchery | |
165 | 13:30 | Drone | |
165 | 13:37 | Spore Crawler | |
165 | 13:39 | Hydralisk x2, Drone | |
169 | 13:43 | Queen | |
169 | 13:46 | Queen | |
169 | 13:48 | Viper | |
176 | 13:50 | Viper | |
176 | 13:53 | Hydralisk | |
181 | 13:56 | Hydralisk | |
181 | 13:58 | Hydralisk, Roach | |
181 | 14:00 | Spore Crawler | |
181 | 14:01 | Hydralisk, Drone, Roach | |
181 | 14:02 | Infestor, Roach | |
171 | 14:04 | Burrow | |
171 | 14:08 | Zergling x2 | |
171 | 14:09 | Infestor | |
157 | 14:10 | Zergling x4 | |
157 | 14:11 | Zergling x2 | |
157 | 14:16 | Roach | |
151 | 14:18 | Extractor | |
151 | 14:19 | Drone | |
151 | 14:20 | Extractor | |
151 | 14:22 | Drone | |
151 | 14:24 | Zergling x2, Drone, Extractor | |
151 | 14:25 | Zergling x2, Roach x2 | |
151 | 14:27 | Roach, Spore Crawler | |
151 | 14:29 | Drone | |
151 | 14:30 | Hydralisk, Roach | |
155 | 14:35 | Overlord | |
155 | 14:36 | Overseer, Overlord | |
151 | 14:39 | Hydralisk | |
151 | 14:40 | Hydralisk | |
151 | 14:41 | Infestor | |
151 | 14:42 | Hydralisk, Queen | |
151 | 14:43 | Hydralisk, Spine Crawler | |
151 | 14:44 | Drone | |
151 | 14:45 | Baneling | |
147 | 14:46 | Spine Crawler, Baneling x5 | |
147 | 14:47 | Drone, Baneling, Ravager x2 | |
147 | 14:50 | Spine Crawler, Roach | |
150 | 14:52 | Spore Crawler | |
150 | 14:53 | Drone x2 | |
150 | 14:54 | Lurker, Hydralisk, Roach x2 | |
150 | 14:56 | Overlord | |
150 | 14:58 | Roach | |
150 | 14:59 | Roach | |
162 | 15:00 | Overseer, Hatchery | |
162 | 15:01 | Infestor | |
162 | 15:02 | Drone | |
162 | 15:03 | Overseer | |
162 | 15:11 | Drone | |
162 | 15:12 | Drone x3 | |
162 | 15:13 | Drone, Roach x2 | |
163 | 15:17 | Overlord | |
163 | 15:18 | Drone, Roach | |
163 | 15:22 | Drone | |
163 | 15:24 | Drone x4 | |